 Dungeon Crawl Stone Soup version 0.29-a0-321-gf1c400731a (webtiles) character file.

Game seed: 14403300014022899430

266 ders the Magician (level 6, -2/40 HPs)
             Began as a Djinni Conjurer on Apr 4, 2022.
             Slain by Crazy Yiuf
             ... wielding a +4 quarterstaff of chaos
              (10 damage)
             ... on level 3 of the Dungeon.
             The game lasted 00:03:13 (3522 turns).

ders the Magician (Djinni Conjurer)                 Turns: 3522, Time: 00:03:14

Health: -2/40      AC:  3    Str:  6    XL:     6   Next: 44%
Gold:   134        EV: 12    Int: 22    God:
                   SH:  0    Dex: 11

rFire   + + .      SeeInvis .   i - staff of death
rCold   x . .      Faith    .   (no shield)
rNeg    + . .      Spirit   .   a - +0 robe
rPois   ∞          Reflect  .   m - +0 helmet
rElec   .          Harm     .   (no cloak)
rCorr   .          Rampage  .   (no gloves)
Will    .....                   (boots unavailable)
Stlth   ++........              (no amulet)
HPRegen 0.13/turn               (no ring)
MPRegen 0.00/turn               (no ring)

@: flying
A: sickness immunity, fire resistance 2, cold vulnerability 1, float, innate
caster, HP casting, extra vitality 1
a: no special abilities


You were on level 3 of the Dungeon.
You visited 1 branch of the dungeon, and saw 3 of its levels.

You collected 134 gold pieces.

Inventory:

Missiles
 u - 2 throwing nets
Armour
 a - a +0 robe (worn)
 m - a +0 helmet (worn)
Magical Staves
 i - a staff of death (weapon)
Scrolls
 f - a scroll of blinking {unknown}
 g - a scroll of torment {unknown}
 k - a scroll of enchant weapon {unknown}
 l - a scroll of magic mapping {unknown}
 n - 2 scrolls of identify {unknown}
 o - a scroll of enchant armour {unknown}
 r - a scroll of fear {unknown}
 s - a scroll of vulnerability {unknown}
 t - a scroll of brand weapon {unknown}
Potions
 b - 2 potions of haste {unknown}
 c - 3 potions of attraction {unknown}
 d - 2 potions of brilliance {unknown}
 e - a potion of lignification {unknown}
 h - 2 potions of invisibility {unknown}
 j - a potion of might {unknown}
 p - a potion of mutation {unknown}
 q - a potion of curing {unknown}


   Skills:
 - Level 2.1 Dodging
 - Level 1.5 Stealth
 + Level 5.7 Spellcasting


You couldn't memorise any spells.
You knew the following spells:

 Your Spells              Type           Power      Damage    Failure   Level
a - Magic Dart            Conj           100%       1d8       1%          1
b - Searing Ray           Conj           62%        2d6       1%          2
c - Dazzling Flash        Conj/Hex       62%        N/A       2%          3
d - Fulminant Prism       Conj/Hex       15%        3d11      9%          4
e - Iskenderun's Mystic   Conj/Tloc      31%        2d8       9%          4
f - Pain                  Necr           100%       1d9       1%          1
g - Scorch                Fire           62%        2d8       1%          2
Your spell library was empty.

Dungeon Overview and Level Annotations

Branches:
Dungeon (3/15)

Altars:
The Shining One

Shops:
D:1 =

Annotations:
D:3 Crazy Yiuf


Innate Abilities, Weirdness & Mutations

You are immune to sickness and miasma.
You are immune to poison.
Your flesh is very heat resistant. (rF++)
You are vulnerable to cold. (rC-)
You float through the air rather than walking.
You learn spells naturally, not from books.
Your magical power is your life essence.
You have superior vitality. (+4 MHP)


Message History

h - 2 white potions (gained 1)
Things that are here:
a +0 club; a gnoll corpse
Things that are here:
a +0 club; a +0 halberd
b - 2 bubbling white potions (gained 1)
You see here 22 stones.
You see here a +0 mace.
Found seven maces.
Found a runed translucent door.
You see here a +0 mace.
Found a mace.
You see here a +0 mace.
Crazy Yiuf shouts!
You see here a +0 mace.
Found three maces.
Crazy Yiuf screams, "Snurf cloud Orb Guardian!"
You see here a +0 mace.
Could not explore, unopened runed door.
You reach down and open the door.
Casting: Magic Dart (safe; 1% risk of failure)
Confirm with . or Enter, or press ? or * to list all spells.
Aiming: Searing Ray (safe; 1% risk of failure)
Press: ? - help, Shift-Dir - straight line, f - Crazy Yiuf
Aim: Crazy Yiuf, wielding a +4 quarterstaff of chaos and wearing a +0 cloak (82% to hit)
The searing ray hits Crazy Yiuf.
Crazy Yiuf is moderately wounded. (Press . to maintain the ray.) Crazy Yiuf says, "Two wrapper shoe!"
Crazy Yiuf hits you with a +4 quarterstaff of chaos!
Crazy Yiuf freezes you.
The searing ray hits Crazy Yiuf.
Crazy Yiuf is heavily wounded.
Crazy Yiuf hits you with a +4 quarterstaff of chaos!
* * * LOW HITPOINT WARNING * * *
You resist with some effort.
The searing ray hits Crazy Yiuf!
Crazy Yiuf is almost dead.
* * * LOW HITPOINT WARNING * * *
Crazy Yiuf hits you with a +4 quarterstaff of chaos!
You die...

.#.#.##).......#####
...#.))......###
.#...##.#.####
##......### ......###
.......########
..##...#...)#)### ###
............)#))##)))#
............####@g)).#
...........## ###)))#
........#### ###
####.#.## #....#
###..##### ##.....#
##....# ###....#


You could see Crazy Yiuf.

Vanquished Creatures
  A necrophage (D:3)
  An orc priest (D:3)
  Jessica (D:2)
  3 adders (D:3)
  4 gnolls (D:3)
  A worm (D:3)
  A dart slug (D:3)
  17 orcs (D:3)
  5 bats
  3 endoplasms
  7 goblins
  A hobgoblin (D:2)
  A jackal (D:3)
  3 quokkas
  6 ball pythons
  6 frilled lizards
  4 kobolds
  5 rats
70 creatures vanquished.

Notes
Turn   | Place    | Note
-------+----------+-------------------------------------------
     0 | D:1      | ders the Djinni Conjurer began the quest for the Orb.
     0 | D:1      | Reached XP level 1. HP: 15/15 MP: 0/0
   164 | D:1      | Found Iqinkate's Jewellery Boutique.
   240 | D:1      | Reached XP level 2. HP: 21/21 MP: 0/0
  1187 | D:2      | Reached XP level 3. HP: 24/25 MP: 0/0
  1187 | D:2      | Learned a level 1 spell: Pain
  1350 | D:2      | Noticed Jessica
  1353 | D:2      | Killed Jessica
  1354 | D:2      | Reached skill level 4 in Spellcasting
  1358 | D:2      | Reached XP level 4. HP: 23/31 MP: 0/0
  1470 | D:2      | Found a faded altar of an unknown god.
  2012 | D:3      | Noticed a necrophage
  2018 | D:3      | Killed a necrophage
  2019 | D:3      | Reached XP level 5. HP: 27/35 MP: 0/0
  2019 | D:3      | Learned a level 2 spell: Scorch
  2040 | D:3      | Reached skill level 5 in Spellcasting
  2542 | D:3      | Reached XP level 6. HP: 20/40 MP: 0/0
  3210 | D:3      | Found a glowing golden altar of the Shining One.
  3515 | D:3      | Found a runed translucent door.
  3516 | D:3      | Noticed Crazy Yiuf
  3522 | D:3      | Slain by Crazy Yiuf

Illustrated notes

Levels and vault maps discovered:
D:1:      heliophobic_arrival_dark_side_of_the_moon, layout_basic, serial_shops,
          shop
D:2:      layout_basic, dreamdust_ecumenical_altar_grove, uniq_jessica
D:3:      layout_rooms, nicolae_overflow_hidden_temple, minmay_bisected,
          uniq_crazy_yiuf_cottage

Skill      XL: |  1  2  3  4  5 |
---------------+----------------+-----
Spellcasting   | 4 5 |  5.7
Dodging        | |  2.1
Stealth        | |  1.5

Action                   |  1- 3 |  4- 6 || total
-------------------------+-------+-------++-------
 Cast: Magic Dart        |    34 |    93 ||   127
       Searing Ray       |       |    10 ||    10
       Scorch            |       |     2 ||     2
Armor: Robe              |     1 |     1 ||     2
Dodge: Dodged            |       |    17 ||    17

Table legend: (Time is in decaauts)
 A = Elapsed time spent in this place.
 B = Non-inter-level travel time spent in this place.
 C = Inter-level travel time spent in this place.
 D = Time resting spent in this place.
 E = Time spent auto-exploring this place.
 F = Levels seen in this place.
 G = Mean time per level.
                   A        B        C        D        E       F      G
               +--------+--------+--------+--------+--------+-----+--------+
         Total |   3521 |   3411 |    110 |    614 |   2493 |   3 | 1173.7 |
       Dungeon |   3521 |   3411 |    110 |    614 |   2493 |   3 | 1173.7 |
               +--------+--------+--------+--------+--------+-----+--------+

Top non-repeatable levels by time:
     D:3: 1362 daAuts
     D:1: 1168 daAuts
     D:2: 991 daAuts
